Map: Dusk Towers

Players

EnTaroDHo

  • Race: Protoss Protoss
  • League: Platinum

LilDicky - Winner!

  • Race: Terran Terran
  • League: Diamond

VOD

http://www.twitch.tv/tumescentpie

Description

Time

  • Played on: Dec. 12, 2015, 9:13 p.m.
  • Length: 8:24
Show
View Real Time Build Order
Export as new Build Order

EnTaroDHo Protoss 

Build Orders:  

Get SALT Encoding   

  12  0:01  Probe (Chrono Boost)  
  13  0:12  Probe (Chrono Boost)  
  14  0:22  Pylon  
  14  0:23  Probe (Chrono Boost)  
  15  0:40  Probe (Chrono Boost)  
  16  0:46  Assimilator  
  16  0:48  Gateway  
  16  0:51  Probe (Chrono Boost)  
  17  1:01  Gateway  
  17  1:03  Probe (Chrono Boost)  
  18  1:13  Pylon  
  18  1:14  Probe (Chrono Boost)  
  20  1:25  Probe (Chrono Boost)  
  20  1:37  Cybernetics Core  
  20  1:38  Probe (Chrono Boost)  
  20  1:43  Zealot  
  22  1:48  Probe (Chrono Boost)  
  22  1:53  Zealot  
  25  1:59  Probe (Chrono Boost)  
  26  2:09  Pylon  
  26  2:13  Warp Gate  
  26  2:16  Mothership Core (Chrono Boost), Adept  
  30  2:27  Adept  
  32  2:40  Probe (Chrono Boost)  
  33  2:49  Nexus  
  33  2:57  Forge  
  33  3:07  Adept  
  33  3:09  Adept  
  37  3:24  Robotics Facility  
  34  3:27  Probe (Chrono Boost)  
  33  3:38  Probe (Chrono Boost)  
  33  3:40  Photon Cannon  
  34  3:50  Adept x2  
  34  3:53  Probe (Chrono Boost)  
  39  4:00  Assimilator  
  39  4:03  Probe (Chrono Boost)  
  39  4:04  Probe (Chrono Boost)  
  41  4:12  Observer  
  41  4:14  Probe (Chrono Boost)  
  41  4:15  Probe (Chrono Boost)  
  44  4:17  Gateway  
  44  4:33  Gateway  
  44  4:38  Pylon  
  44  4:40  Probe x2 (Chrono Boost)  
  46  4:47  Warp Prism (Chrono Boost)  
  46  4:50  Probe x2 (Chrono Boost)  
  50  4:56  Protoss Ground Weapons Level 1 (Chrono Boost)  
  50  5:09  Probe x2  
  50  5:10  Twilight Council  
  45  5:41  Adept x2  
  49  5:46  Adept x2  
  53  5:52  Immortal  
  53  5:55  Pylon x2  
  53  5:59  Resonating Glaives (Chrono Boost)  
  57  6:13  Photon Cannon  
  54  6:22  Adept x4  
  52  6:29  Observer  
  47  6:47  Probe x2  
  47  6:48  Immortal  
  47  6:49  Pylon  
  47  6:51  Pylon  
  53  6:59  Probe x2  
  47  7:01  Adept  
  47  7:02  Adept  
  43  7:11  Probe x2  
  45  7:23  Probe x2  
  47  7:31  Adept x2  
  46  7:57  Adept  
  48  8:05  Gateway  
Show
View Real Time Build Order
Export as new Build Order

LilDicky Terran - Winner!

Build Orders: MMM Bio 

Get SALT Encoding   

  12  0:01  SCV  
  13  0:13  SCV  
  14  0:18  Supply Depot  
  14  0:25  SCV  
  15  0:30  Refinery  
  15  0:40  SCV  
  16  0:46  Barracks  
  16  0:52  SCV  
  18  1:04  SCV  
  18  1:16  SCV  
  19  1:28  SCV  
  20  1:35  Marine  
  21  1:40  Factory  
  21  1:43  Orbital Command  
  21  1:47  Supply Depot  
  21  1:53  Marine  
  22  2:08  SCV  
  23  2:16  Barracks  
  23  2:17  Barracks Reactor  
  23  2:18  Barracks  
  23  2:21  SCV  
  23  2:22  Refinery  
  24  2:33  SCV  
  25  2:38  Supply Depot  
  25  2:42  Widow Mine  
  27  2:45  SCV  
  28  2:58  SCV, Marine x2  
  31  3:04  Supply Depot  
  31  3:10  SCV  
  32  3:25  SCV  
  32  3:35  Barracks Tech Lab x2  
  32  3:36  Marine x2  
  32  3:37  Supply Depot  
  32  3:40  Engineering Bay  
  32  3:54  Marine x2  
  32  3:55  Combat Shields, Stimpack, Marine x2  
  34  3:56  Starport  
  35  4:12  Missile Turret, Marine  
  35  4:14  Marine, Marauder  
  39  4:23  SCV  
  40  4:25  Marauder  
  42  4:33  Marine  
  42  4:34  Marine  
  42  4:35  SCV  
  45  4:42  Supply Depot  
  45  4:43  Medivac  
  47  4:47  Marauder  
  47  4:49  Marine  
  47  4:52  SCV  
  51  4:58  Marine  
  52  5:00  Marine  
  52  5:05  SCV  
  54  5:07  Marauder  
  54  5:09  Supply Depot  
  54  5:12  Marauder  
  55  5:37  Marine  
  55  5:38  Marauder x2, Marine  
  55  5:39  Concussive Shells  
  55  5:41  Medivac  
  55  5:42  SCV  
  64  5:54  SCV  
  67  6:00  Marauder x2  
  71  6:06  Marine x2  
  58  6:48  Marine x3  
  60  7:00  Marine  
  60  7:06  Marine x2  
  60  7:07  Marauder  
  64  7:17  SCV  
  64  7:18  Marauder  
  67  7:24  Marine x2  
  67  7:25  Command Center  
  67  7:28  Marine  
  67  7:29  SCV  
  68  7:39  Marine  
  68  7:41  Marine  
  63  7:46  Marauder  
  63  7:55  Marine  
  63  7:57  Marine  
  63  7:58  SCV  
  66  7:59  Marine  
  64  8:10  SCV  
Tags
 
Add a new tag
Caveats
  • Supply blocks, unpowered buildings, or Contaminate may cause inaccurate times.
  • Supply counts are checked every 10 seconds.